 Dungeon Crawl Stone Soup version 0.31-a0-145-g046c7d2549 (webtiles) character file.

Game seed: 4195174919481576756

623 nicknak712 the Purveyor of Pain (level 7, -3/46 HPs)
             Began as a Demonspawn Necromancer on June 5, 2023.
             Was an Initiate of Kikubaaqudgha.
             Slain by a gnoll
             ... wielding a +3 flail
             ... led by a gnoll sergeant
              (9 damage)
             ... on level 5 of the Dungeon.
             The game lasted 00:34:56 (4460 turns).

nicknak712 the Purveyor of Pain (DsNe)              Turns: 4460, Time: 00:34:56

Health: -3/46      AC:  9    Str:  8    XL:     7   Next: 22%
Magic:  5/13       EV: 12    Int: 20    God:    Kikubaaqudgha [......]
Gold:   220        SH:  0    Dex: 14    Spells: 6/14 levels left

rFire   x .          .
                       - Unarmed
rCold   + . .        (no shield)
rNeg    . . .        d - +3 leather armour
rPois   .            (no helmet)
rElec   .            c - +2 cloak
rCorr   +            (no gloves)
SInv    .            (no boots)
Will    .....        (no amulet)
Stlth   ++           e - ring of resist corrosion
HPRegen 0.27/turn    f - ring of ice
MPRegen 0.13/turn

%: no passive effects
@: lethally poisoned (-3 -> -41)
A: claws 2, foul stench 1, powered by death 1, big brain 1
a: Renounce Religion


You were on level 5 of the Dungeon.
You worshipped Kikubaaqudgha.
Kikubaaqudgha was noncommittal.
You visited 2 branches of the dungeon, and saw 6 of its levels.

You collected 220 gold pieces.

Inventory:

Armour
 a - a +0 robe
 c - a +2 cloak (worn)
 d - a +3 leather armour (worn)
Magical Staves
 q - a staff of fire
Jewellery
 e - a ring of resist corrosion (left claw)
 f - a ring of ice (right claw)
Wands
 h - a wand of flame (25)
Scrolls
 i - a scroll of poison {unknown}
 n - a scroll of fog {unknown}
 o - a scroll of silence {unknown}
 p - a scroll of magic mapping {unknown}
 r - a scroll of butterflies {unknown}
Potions
 b - a potion of berserk rage {unknown}
 g - a potion of heal wounds {unknown}
 j - a potion of invisibility {unknown}
 l - a potion of attraction {unknown}
 m - a potion of mutation {unknown}


   Skills:
 * Level 4.1 Dodging
 + Level 3.5 Stealth
 + Level 2.3 Unarmed Combat
 * Level 4.1 Spellcasting
 + Level 5.4 Necromancy


You had 6 spell levels left.
You knew the following spells:

 Your Spells              Type           Power      Damage    Failure   Level
a - Necrotise             Necr           100%       1d9       1%          1
b - Vampiric Draining     Necr           26%        2d7       6%          3
c - Animate Dead          Necr           26%        N/A       19%         4

Your spell library contained the following spells:

 Spells                   Type           Power      Damage    Failure   Level
 Sandblast                Erth           8%         2d5       19%         1
 Passwall                 Tmut/Erth      3%         N/A       28%         2
 Agony                    Necr           26%        N/A       47%         5
 Call Canine Familiar     Summ           4%         N/A       50%         3
 Portal Projectile        Hex/Tloc       8%         N/A       50%         3
 Stone Arrow              Conj/Erth      8%         3d7       50%         3
 Leda's Liquefaction      Hex/Erth       2%         N/A       88%         4


Dungeon Overview and Level Annotations

Branches:
Dungeon (5/15)             Temple (1/1) D:4

Altars:
Cheibriados
Dithmenos
Gozag
Hepliaklqana
Kikubaaqudgha
Nemelex Xobeh
Qazlal
Trog
Uskayaw
Yredelemnul


Innate Abilities, Weirdness & Mutations

You have very sharp fingernails.
You may rarely emit foul miasma when damaged in melee.
You regenerate a little health from kills.
You have an unusually large brain. (Int +2)


Message History

The gnoll sergeant completely misses you.
The gnoll writhes in agony.
You kill the gnoll!
Kikubaaqudgha accepts your kill.
The dead are walking!
Your adder skeleton completely misses the gnoll.
The jelly hits you but does no damage. The gnoll sergeant closely misses you.
The jelly writhes in agony.
The gnoll sergeant hits you with a +6 spear of venom!
You are poisoned.
The jelly hits you but does no damage. The gnoll barely misses you.
The jelly writhes in agony!
You kill the jelly!
Kikubaaqudgha accepts your kill.
You feel very sick.
The gnoll sergeant blocks your adder skeleton's attack.
The gnoll sergeant hits you with a +6 spear of venom.
You are more poisoned.
You emit a cloud of foul miasma!
The gnoll hits you with a +3 flail!
You emit a cloud of foul miasma!
You are too injured to fight recklessly!
Casting: Necrotise (safe; 1% risk of failure)
Confirm with . or Enter, or press ? or * to list all spells.
Aiming: Necrotise (safe; 1% risk of failure)
Press: ? - help, Shift-Dir - straight line, f - gnoll sergeant
Aim: a gnoll sergeant, wielding a +6 spear of venom, wearing a +0 ring mail and wearing a +0 buckler (foul pestilence, ally target, chance to affect: 83%)
The gnoll sergeant writhes in agony.
You feel very sick.
Your adder skeleton barely misses the gnoll sergeant.
Your gnoll skeleton barely misses the gnoll.
Your adder skeleton bites the gnoll sergeant but does no damage.
The gnoll sergeant is engulfed in dark miasma.
The gnoll sergeant is poisoned.
The gnoll sergeant hits you with a +6 spear of venom!
* * * LOW HITPOINT WARNING * * *
You are more poisoned.
The gnoll is engulfed in dark miasma.
The gnoll is poisoned.
The gnoll hits you with a +3 flail!
You die...
Kikubaaqudgha rasps: "You have failed me!
Welcome... death!"

#######
.......
.......
.......
g....?.
##g......
#@)Z.....
#.gZ.....
#........
#........
#.....?..
#........
..#######
###


You could see a gnoll sergeant (poisoned, ally target), 2 gnolls, a friendly
adder skeleton and a friendly gnoll skeleton.

Vanquished Creatures
  Menkaure (D:4)
  A black bear (D:3)
  A scorpion (D:4)
  A crimson imp (D:4)
  A jelly (D:5)
  An iguana (D:4)
  Natasha (twice) (D:3)
  4 gnolls
  6 adders
  A white imp (D:4)
  An ufetubus (D:4)
  2 worms
  An orc (D:4)
  6 endoplasms
  5 giant cockroaches
  9 goblins
  3 hobgoblins
  6 quokkas
  4 ball pythons
  6 bats
  A frilled lizard (D:2)
  4 kobolds
  7 rats
74 creatures vanquished.

Vanquished Creatures (collateral kills)
  Natasha (D:3)
  An adder (D:3)
  A gnoll (D:4)
  An endoplasm (D:3)
4 creatures vanquished.

Grand Total: 78 creatures vanquished

Notes
Turn   | Place    | Note
-------+----------+-------------------------------------------
     0 | D:1      | nicknak712 the Demonspawn Necromancer began the quest for
                  | the Orb.
     0 | D:1      | Reached XP level 1. HP: 13/13 MP: 3/3
   283 | D:1      | Gained mutation: You have sharp fingernails. [demonic
                  | ancestry]
   283 | D:1      | Reached XP level 2. HP: 19/19 MP: 3/5
  1135 | D:2      | Identified the +1 short sword "Urghan" {holy, rCorr Str+2
                  | Int+2}
  1336 | D:2      | Gained mutation: You may rarely emit foul miasma when
                  | damaged in melee. [demonic ancestry]
  1336 | D:2      | Reached XP level 3. HP: 24/24 MP: 2/6
  1420 | D:2      | Learned a level 3 spell: Vampiric Draining
  1977 | D:3      | Gained mutation: You regenerate a little health from kills.
                  | [demonic ancestry]
  1977 | D:3      | Reached XP level 4. HP: 30/30 MP: 6/8
  2006 | D:3      | Noticed a black bear
  2012 | D:3      | Killed a black bear
  2013 | D:3      | Reached skill level 1 in Unarmed Combat
  2013 | D:3      | Reached XP level 5. HP: 28/35 MP: 3/9
  2321 | D:3      | Learned a level 4 spell: Animate Dead
  2383 | D:3      | Noticed Natasha
  2395 | D:3      | Killed Natasha
  2396 | D:3      | Reached skill level 5 in Necromancy
  2532 | D:3      | Noticed Natasha
  2550 | D:3      | Killed Natasha
  3000 | D:3      | Noticed Natasha
  3010 | D:3      | Killed Natasha
  3133 | D:4      | Gained mutation: You have an unusually large brain. (Int
                  | +2) [demonic ancestry]
  3133 | D:4      | Reached XP level 6. HP: 41/41 MP: 9/11
  4042 | D:4      | Found a staircase to the Ecumenical Temple.
  4045 | D:4      | Noticed Menkaure
  4063 | D:4      | Killed Menkaure
  4064 | D:4      | Gained mutation: You have very sharp fingernails. [demonic
                  | ancestry]
  4064 | D:4      | Reached XP level 7. HP: 7/46 MP: 11/13
  4316 | Temple   | Entered the Ecumenical Temple
  4334 | Temple   | Became a worshipper of Kikubaaqudgha
  4449 | D:5      | Entered Level 5 of the Dungeon
  4460 | D:5      | Slain by a gnoll

Illustrated notes

Levels and vault maps discovered:
D:1:      mrwooster_arrival_arrow, layout_loops_ring
D:2:      layout_basic
D:3:      layout_loops_ring, corexii_leaking_fountain, hangedman_feature_mirror,
          st_stairs_2, serial_bayou_pond_b, uniq_natasha
D:4:      layout_basic, nicolae_ru_the_path_less_chosen,
          minmay_temple_entry_overgrown, roderic_serpentine_path,
          roderic_nine_men_s_morris, minmay_fire_ice_demons, uniq_menkaure
D:5:      layout_basic, minmay_checkerbox
Temple:   nicolae_temple_bog_church

Skill      XL: |  1  2  3  4  5  6 |
---------------+-------------------+-----
Dodging        | 2 3 4 |  4.1
Stealth        | 2 3 |  3.5
Unarmed Combat | 1 2 |  2.3
Spellcasting   | 3 4 |  4.1
Necromancy     | 5 |  5.4

Action                     |  1- 3 |  4- 6 |  7- 9 || total
---------------------------+-------+-------+-------++-------
  Melee: Unarmed           |    39 |   174 |       ||   213
         Punch             |       |     9 |       ||     9
   Cast: Necrotise         |    63 |    62 |     9 ||   134
         Vampiric Draining |     2 |     3 |       ||     5
         Animate Dead      |       |     6 |       ||     6
  Evoke: Wand              |       |     2 |     2 ||     4
    Use: Scroll            |     5 |     6 |       ||    11
         Potion            |       |     4 |       ||     4
 Armour: Leather armour    |    13 |    69 |     4 ||    86
  Dodge: Dodged            |    32 |   102 |     6 ||   140

Table legend: (Time is in decaauts)
 A = Elapsed time spent in this place.
 B = Non-inter-level travel time spent in this place.
 C = Inter-level travel time spent in this place.
 D = Time resting spent in this place.
 E = Time spent auto-exploring this place.
 F = Levels seen in this place.
 G = Mean time per level.
                   A        B        C        D        E       F      G
               +--------+--------+--------+--------+--------+-----+--------+
         Total |   4482 |   4313 |    169 |    634 |   2758 |   6 |  747.0 |
       Dungeon |   4450 |   4293 |    157 |    634 |   2758 |   5 |  890.0 |
        Temple |     31 |     19 |     12 |      0 |      0 |   1 |   31.0 |
               +--------+--------+--------+--------+--------+-----+--------+

Top non-repeatable levels by time:
     D:3: 1322 daAuts
     D:4: 1284 daAuts
     D:1: 984 daAuts
     D:2: 848 daAuts
  Temple: 31 daAuts
     D:5: 10 daAuts
